 Dungeon Crawl Stone Soup version 0.22-a0-149-g870e420 (webtiles) character file.

72 mhoghedin the Conjurer (level 4, 0/24 HPs)
             Began as a Kobold Conjurer on Feb 7, 2018.
             Slain by Natasha (3 damage)
             ... on level 2 of the Dungeon.
             The game lasted 00:03:00 (1358 turns).

mhoghedin the Conjurer (Kobold Conjurer)            Turns: 1358, Time: 00:03:01

Health: 0/24       AC:  2    Str: 13    XL:     4   Next: 48%
Magic:  0/9        EV: 15    Int: 17    God:
Gold:   53         SH:  0    Dex: 15    Spells: 4/10 levels left

rFire    . . .     SeeInvis .   n - +0 short sword
rCold    . . .     Gourm    .   (shield restricted)
rNeg     . . .     Faith    .   a - +0 robe
rPois    .         Spirit   .   (helmet restricted)
rElec    .         Reflect  .   (no cloak)
rCorr    .         Harm     .   (no gloves)
MR       .....                  (no boots)
Stlth    ++........             (no amulet)
HPRegen  0.08/turn              m - +5 ring of strength
MPRegen  0.11/turn              (no ring)

@: mighty, very slightly contaminated
A: small, antennae 1, carnivore, weak 1, wild magic 1, sturdy frame 1
a: no special abilities


You were on level 2 of the Dungeon.
You were not hungry.

You visited 1 branch of the dungeon, and saw 2 of its levels.

You collected 53 gold pieces.

Inventory:

Hand Weapons
 h - a +0 club
   (You took it off a goblin on level 1 of the Dungeon)
 n - a +0 short sword (weapon)
   (You took it off a kobold on level 2 of the Dungeon)
Armour
 a - a +0 robe (worn)
 f - a +0 pair of boots
   (You found it on level 1 of the Dungeon)
Jewellery
 m - a +5 ring of strength (left hand)
   (You found it on level 2 of the Dungeon)
Potions
 i - 2 potions of degeneration {!q}
Books
 b - a book of Conjurations
Comestibles
 c - 3 rations


   Skills:
 - Level 2.4 Dodging
 - Level 2.6 Stealth
 + Level 3.5 Spellcasting
 + Level 4.9 Conjurations


You had 4 spell levels left.
You knew the following spells:

 Your Spells              Type           Power        Failure   Level  Hunger
a - Magic Dart            Conj           ####         4%          1    None
b - Searing Ray           Conj           ####..       5%          2    ##.....
c - Dazzling Spray        Conj/Hex       ##....       26%         3    ###....


Dungeon Overview and Level Annotations

Branches:
Dungeon (2/15)

Altars:

Annotations:
D:2 Natasha


Innate Abilities, Weirdness & Mutations

You are small and have problems with some larger weapons.
You are carnivorous and can eat meat at any time.
You have a pair of small antennae on your head.
You are weak. (Str -2)
Your spells are a little harder to cast, but a little more powerful.
Your movements are slightly less encumbered by armour. (ER -2)


Message History

Nothing appears to happen.
You now have 3/7 mp.
Aim: Natasha (severely wounded)
The magic dart hits Natasha.
You kill Natasha!
Natasha growls in agony!
The crimson imp disappears in a puff of smoke!
You have reached level 4!
Health restored: 24 You start resting.
Your magical contamination has completely faded away.
You regained 2 mp, and now have 5/9 mp.
You enter a teleport trap!
The teleport trap disappears.
Your surroundings suddenly seem different.
Natasha, Servant of Life and Death comes into view.
Aim: Natasha (hasn't noticed you)
The magic dart hits Natasha.
You now have 5/9 mp.
Aim: Natasha (lightly wounded)
The magic dart hits Natasha.
You now have 4/9 mp.
Aim: Natasha (heavily wounded)
The magic dart hits Natasha.
You now have 3/9 mp.
Aim: Natasha (almost dead)
The magic dart hits Natasha.
Natasha claws you.
You take 6 damage, and have 18/24 hp.
MASSIVE DAMAGE!!
You now have 2/9 mp.
Aim: Natasha (almost dead)
The magic dart hits Natasha.
Natasha drinks a potion.
Natasha is healed!
You now have 1/9 mp.
You hit Natasha. Natasha claws you.
You take 6 damage, and have 12/24 hp.
MASSIVE DAMAGE!!
Aim: Natasha (lightly wounded)
The magic dart hits Natasha.
Natasha claws you but does no damage.
You now have 1/9 mp.
You aren't carrying any items that you can evoke.
Natasha barely misses you. Natasha misses you.
Natasha mumbles some strange words.
The white imp gestures at you. The puff of frost hits you!
* * * LOW HITPOINT WARNING * * *
You take 8 damage, and have 5/24 hp.
MASSIVE DAMAGE!!
Okay, then.
Unknown command.
Unknown command.
As you read the scroll labeled SUOSERI ORITWO, it crumbles to dust.
The creatures around you are filled with an inner flame!
It was a scroll of immolation.
Natasha mumbles some strange words.
You feel disoriented.
Unknown command.
As you read the scroll labeled GAPUV KUGRE, it crumbles to dust.
You feel blessed for a moment.
It was a scroll of remove curse.
As you read the scroll labeled GIPOTE JAGISTRU, it crumbles to dust.
It is a scroll of identify.
i - 2 potions of degeneration The white imp barely misses you.
It was a potion of curing.
You feel better. The white imp closely misses you.
Natasha mumbles some strange words.
You regained 9 hp, and now have 14/24 hp.
It was a potion of might.
You feel very mighty all of a sudden. The white imp barely misses you.
The white imp barely misses you.
The shadow imp shouts!
The white imp shouts, "Return whence thou came, thou spongy guts-griping foot-licker!"
The white imp gestures at you. The puff of frost hits you!
You take 5 damage, and have 10/24 hp.
MASSIVE DAMAGE!!
Aim: Natasha (lightly wounded, inner flame)
You miscast Dazzling Spray.
You are very lightly contaminated with residual magic.
Your skin tingles.
Natasha claws you.
You take 1 damage, and have 9/24 hp.
You now have 0/9 mp.
It was a potion of mutation.
You feel extremely strange.
You feel less in control of your magic.
You feel less encumbered by your armour.
You feel weaker. A pair of antennae grows on your head!
Natasha mumbles some strange words.
You feel disoriented. Natasha closely misses you. The white imp hits you.
The white imp freezes you.
* * * LOW HITPOINT WARNING * * *
You take 6 damage, and have 3/24 hp.
MASSIVE DAMAGE!!
Unknown command.
You puncture Natasha!
The white imp disappears in a puff of smoke!
The shadow imp disappears in a puff of smoke!
Natasha claws you.
You die...

# #.. #.#.. .... ## ### ..#
## #.# ... #.#.####.#
#.###.#....# #.#.#.##.#
###....§..##.#
#......h@....# .
#.#..§##..#### .# .##
#.#....#..#####.# ..#
#.#.............#######.#
#......#.#..............#
###..............# #..#
.#...#.##........#####..#
...................##.....#
.......#.##........##.##.##


You could see Natasha (inner flame).

Vanquished Creatures
  Natasha (twice) (D:2)
  A dart slug (D:1)
  A leopard gecko (D:1)
  4 hobgoblins (D:1)
  A kobold (D:2)
  4 bats (D:1)
  A frilled lizard (D:1)
  3 goblins (D:1)
  5 rats (D:1)
22 creatures vanquished.

Notes
Turn   | Place    | Note
-------+----------+-------------------------------------------
     0 | D:1      | mhoghedin the Kobold Conjurer began the quest for the Orb.
     0 | D:1      | Reached XP level 1. HP: 10/10 MP: 3/3
   230 | D:1      | Reached XP level 2. HP: 15/15 MP: 0/5
   723 | D:1      | Reached XP level 3. HP: 19/19 MP: 4/7
  1131 | D:2      | Noticed Natasha
  1136 | D:2      | Killed Natasha
  1136 | D:2      | Reached skill level 3 in Spellcasting
  1143 | D:2      | Learned a level 2 spell: Searing Ray
  1147 | D:2      | Learned a level 3 spell: Dazzling Spray
  1288 | D:2      | Noticed Natasha
  1298 | D:2      | Killed Natasha
  1298 | D:2      | Reached XP level 4. HP: 24/24 MP: 2/9
  1330 | D:2      | Noticed Natasha
  1343 | D:2      | HP: 5/24 [white imp/puff of frost[Natasha] (8)]
  1357 | D:2      | Gained mutation: Your spells are a little harder to cast, but a little more powerful. [potion of mutation]
  1357 | D:2      | Gained mutation: Your movements are slightly less encumbered by armour. (ER -2) [potion of mutation]
  1357 | D:2      | Gained mutation: You are weak. (Str -2) [potion of mutation]
  1357 | D:2      | Gained mutation: You have a pair of small antennae on your head. [potion of mutation]
  1357 | D:2      | HP: 3/24 [white imp[Natasha] (5)]
  1358 | D:2      | Slain by Natasha

Vault maps used:
D:1:      dpeg_arrival_line_fractal, minmay_misc_feat_four_crosses
D:2:      uniq_natasha

Skill      XL: |  1  2  3 |
---------------+----------+-----
Spellcasting   | 3 |  3.5
Dodging        | |  2.4
Stealth        | |  2.6
Conjurations   | |  4.9

Action                   |  1- 3 |  4- 6 || total
-------------------------+-------+-------++-------
Melee: Club              |     4 |       ||     4
       Short sword       |       |     2 ||     2
 Cast: Magic Dart        |    44 |     7 ||    51
  Use: Scroll            |       |     3 ||     3
       Potion            |       |     3 ||     3
  Eat: Chunk             |     3 |       ||     3
Armor: Robe              |       |     1 ||     1
Dodge: Dodged            |     6 |     7 ||    13

Table legend:
 A = Spawn XP
 B = Non-spawn XP
 C = Spawn XP percentage of total XP
 D = Spawn monster count
 E = Non-spawn monster count
 F = Spawn count percentage of total count
 G = Total turns spent on level
                    A         B        C        D         E        F      G
               +---------+---------+-------+---------+---------+-------+---------
         Total |       0 |     103 |   0.0 |       0 |      22 |   0.0 |  1358
               +---------+---------+-------+---------+---------+-------+---------
           D:1 |       0 |      31 |   0.0 |       0 |      19 |   0.0 |  1023
           D:2 |       0 |      72 |   0.0 |       0 |       3 |   0.0 |   335
               +---------+---------+-------+---------+---------+-------+---------

Vault maps used:
D:1:      dpeg_arrival_line_fractal, minmay_misc_feat_four_crosses
D:2:      uniq_natasha

Table legend:
 A = Turns spent in this place as a percentage of turns spent in the entire game.
 B = Non-inter-level travel turns spent in this place as a percentage of non-inter-level travel turns spent in the entire game.
 C = Inter-level travel turns spent in this place as a percentage of turns spent in this place.
 D = Turns resting spent in this place as a percentage of non-inter-level travel turns spent in this place.
 E = Turns spent auto-exploring this place as a percentage of non-inter-level travel turns spent in this place.
 F = Non-inter-level travel turns spent in this place divided by the number of levels of this place that you've seen.
                   A       B       C       D       E      F
               +-------+-------+-------+-------+-------+----------------------
         Total | 100.0 | 100.0 |   1.2 |  24.4 |  63.1 | 671.0
       Dungeon | 100.0 | 100.0 |   1.2 |  24.4 |  63.1 | 671.0
               +-------+-------+-------+-------+-------+----------------------

Table legend:
 A = Kills in this place as a percentage of kills in entire the game.
 B = Kills by you in this place as a percentage of kills by you in the entire game.
 C = Kills by friends in this place as a percentage of kills by friends in the entire game.
 D = Other kills in this place as a percentage of other kills in the entire game.
 E = Experience gained in this place as a percentage of experience gained in the entire game.
 F = Experience gained in this place divided by the number of levels of this place that you have seen.
                   A       B       C       D       E      F
               +-------+-------+-------+-------+-------+----------------------
         Total | 100.0 | 100.0 |   N/A |   N/A | 100.0 |  51.5
       Dungeon | 100.0 | 100.0 |   N/A |   N/A | 100.0 |  51.5
               +-------+-------+-------+-------+-------+----------------------
